 Dungeon Crawl Stone Soup version 0.18.1-48-g4cf74bf (webtiles) character file.

3038 Jerry the Basher (level 9, -1/68 HPs)
             Began as a Minotaur Gladiator on Aug 6, 2016.
             Was an Initiate of Pakellas.
             Killed from afar by an electric eel (12 damage)
             ... with a bolt of electricity
             ... on level 8 of the Dungeon.
             The game lasted 00:31:14 (7276 turns).

Jerry the Basher (Minotaur Gladiator)               Turns: 7276, Time: 00:31:15

Health: -1/68      AC: 16    Str: 19    XL:     9   Next: 56%
Magic:  0/19       EV:  9    Int:  5    God:    Pakellas [......]
Gold:   437        SH:  0    Dex: 16    Spells: 0 memorised, 8 levels left

rFire  + + .     SeeInvis .     b - +1 flail (venom)
rCold  . . .     Gourm    .     Q - +1 chain mail of Kaohemm {rF+ MR+ Stlth+} (curse)
rNeg   . . .     Faith    .     (no shield)
rPois  .         Spirit   +     c - +0 hat
rElec  .         Dismiss  .     q - +1 cloak
rCorr  .         Reflect  .     w - +0 pair of gloves
SustAt +         Harm     .     (no boots)
MR     +....                    s - amulet of guardian spirit
Stlth  ..........               P - ring "Ukitozymn" {+Fly rF+ MP+9 Str-4 Dex+4} (curse)
                                K - ring "Ysimodd" {SustAt Str+5}

@: somewhat resistant to hostile enchantments, extremely unstealthy
A: retaliatory headbutt, hooves 1, horns 2, blink, clumsy 1, deterioration 1,
weak 1
a: Blink, Renounce Religion, Evoke Flight


You were on level 8 of the Dungeon.
You worshipped Pakellas.
Pakellas was noncommittal.
You were not hungry.

You visited 2 branches of the dungeon, and saw 9 of its levels.

You collected 437 gold pieces.

Inventory:

Hand Weapons
 b - a +1 flail of venom (weapon)
 M - a +1 flail of distortion
Missiles
 a - a throwing net
 D - 3 tomahawks
 E - 6 javelins (quivered)
Armour
 c - a +0 hat (worn)
 q - a +1 cloak (worn)
 w - a +0 pair of gloves (worn)
 Q - the cursed +1 chain mail of Kaohemm (worn) {rF+ MR+ Stlth+}
   (You found it on level 7 of the Dungeon)

   It protects you from fire.
   It affects your resistance to hostile enchantments.
   It makes you more stealthy.
   It has a curse placed upon it.
Jewellery
 e - an uncursed amulet of dismissal
 s - an amulet of guardian spirit (around neck)
 y - an uncursed ring of protection from cold
 K - the ring "Ysimodd" (left hand) {SustAt Str+5}
   (You found it on level 7 of the Dungeon)

   [ring of sustain attributes]

   It sustains your strength, intelligence and dexterity.
   It affects your strength (+5).
 L - an uncursed ring of see invisible
 P - the cursed ring "Ukitozymn" (right hand) {+Fly rF+ MP+9 Str-4 Dex+4}
   (You found it on level 7 of the Dungeon)

   [ring of strength]

   It affects your strength (-4).
   It affects your dexterity (+4).
   It protects you from fire.
   It affects your magic capacity (+9).
   It lets you fly.
   It has a curse placed upon it.
Wands
 i - a wand of paralysis (0/24)
Scrolls
 k - 5 scrolls of identify
 m - 2 scrolls of remove curse
 n - a scroll of fear {unknown}
 r - a scroll of enchant armour {unknown}
 u - 2 scrolls of recharging {unknown}
 v - 2 scrolls of enchant weapon {unknown}
 x - a scroll of teleportation {unknown}
 C - a scroll of blinking {unknown}
 F - 3 scrolls of amnesia {unknown}
 O - a scroll of random uselessness {unknown}
 R - a scroll of magic mapping {unknown}
Potions
 h - 2 potions of heal wounds
 l - 3 potions of agility
 p - 3 potions of curing
 t - 3 potions of flight {unknown}
 z - a potion of magic
 A - a potion of berserk rage {unknown}
 B - 2 potions of brilliance {unknown}
 I - a potion of mutation {unknown}
 J - 2 potions of cancellation {unknown}
 N - a potion of degeneration {unknown}
Comestibles
 d - a meat ration
 f - 2 bread rations
 g - 3 fruits
 j - 7 chunks of flesh
 o - 2 beef jerkies


   Skills:
 - Level 2.4 Fighting
 + Level 11.4 Maces & Flails
 - Level 2.0 Throwing
 + Level 10.5 Armour
 - Level 3.2 Dodging
 * Level 3.1 Evocations


You had 8 spell levels left.
You didn't know any spells.

Dungeon Overview and Level Annotations

Branches:
Dungeon (8/15)             Temple (1/1) D:7
   Lair: D:8-11

Altars:
Ashenzari
Cheibriados
Dithmenos
Elyvilon
Fedhas
Kikubaaqudgha
Makhleb
Nemelex Xobeh
Okawaru
Pakellas
Qazlal
Ru
Sif Muna
Trog
Vehumet
Xom
Yredelemnul
Zin

Shops:
D:4 *

Annotations:
D:6 exclusion: oklob plant


Innate Abilities, Weirdness & Mutations

You reflexively headbutt those who attack you in melee.
You have a pair of horns on your head.
You have large cloven feet.
You can translocate small distances at will.
You are clumsy. (Dex -2)
Your body sometimes deteriorates upon taking damage.
You are weak. (Str -2)


Message History

The electric eel shoots out a bolt of lightning at you!
The bolt of electricity hits you!
* * * LOW HITPOINT WARNING * * *
You completely miss the electric eel.
You kick the electric eel, but do no damage.
The electric eel is heavily wounded.
You closely miss the electric eel. Your headbutt misses the electric eel.
The electric eel is heavily wounded.
You completely miss the electric eel.
The electric eel is heavily wounded.
The electric eel shoots out a bolt of lightning at you!
The bolt of electricity hits you!
* * * LOW HITPOINT WARNING * * *
You barely miss the electric eel.
You kick the electric eel, but do no damage.
The electric eel is heavily wounded.
The electric eel shoots out a bolt of lightning at you!
The bolt of electricity hits you!
You die...
Pakellas says: Time to start the next experiment...

#.......##.#.# #.# #.#
.###.......#.# #.# #.# #
##...####.# #)######.# #
###...# #.# ##.#......#
###.....####.###....####.#
.##..............#...###.#
.............###...#.....####
##.########### #.)...........
#.# #@##.#........ #.#
#.###.###..... #.#
#......≈;≈≈≈≈....... #..
#......≈≈≈≈≈≈≈....≈. ###
#.$....≈≈≈≈≈≈≈≈≈..≈
#..≈≈≈≈≈≈≈≈≈≈≈≈≈.≈.
.....≈≈hz≈≈≈≈≈≈.≈≈≈
....≈≈≈≈.≈≈.≈≈.≈≈≈≈
#.≈≈.≈≈≈≈....≈≈≈T≈≈


You could see a wolf, an electric eel and a wight.

Vanquished Creatures
  Grinder (D:5)
  A hungry ghost (D:8)
  Menkaure (D:4)
  2 phantoms
  A sky beast (D:7)
  A wasp (D:7)
  An orc warrior (D:6)
  5 ogres
  2 wolves (D:8)
  A centaur (D:6)
  5 giant frogs
  2 scorpions
  3 wights (D:8)
  2 electric eels (D:8)
  4 crimson imps
  A giant frog zombie (D:5)
  3 hounds
  An iron imp (D:4)
  2 orc wizards
  A giant frog skeleton (D:7)
  3 orc priests
  An iguana (D:7)
  6 worker ants
  A hound skeleton (D:7)
  4 gnolls (D:7)
  5 adders
  2 oozes
  2 adder skeletons (D:7)
  2 worms
  2 dart slugs
  2 giant geckos
  15 orcs
  2 ball pythons
  4 bats
  5 giant cockroaches
  12 goblins
  7 hobgoblins
  2 jackals (D:8)
  3 quokkas
  3 giant gecko skeletons
  3 giant newts
  6 kobolds
  7 rats
  3 fungi (D:6)
  5 plants (D:6)
147 creatures vanquished.

Vanquished Creatures (others)
  An orc wizard (D:6)
1 creature vanquished.

Grand Total: 148 creatures vanquished

Notes
Turn   | Place    | Note
--------------------------------------------------------------
     0 | D:1      | Jerry the Minotaur Gladiator began the quest for the Orb.
     0 | D:1      | Reached XP level 1. HP: 18/18 MP: 0/0
    87 | D:1      | Reached skill level 4 in Maces & Flails
    87 | D:1      | Reached skill level 1 in Armour
   108 | D:1      | Reached XP level 2. HP: 9/25 MP: 1/1
  1052 | D:2      | Reached XP level 3. HP: 26/30 MP: 2/2
  1388 | D:2      | Reached skill level 5 in Maces & Flails
  1610 | D:3      | Reached XP level 4. HP: 6/37 MP: 0/3
  1915 | D:3      | Found a snail-covered altar of Cheibriados.
  1915 | D:3      | Found a shadowy altar of Dithmenos.
  1915 | D:3      | Noticed a phantom
  1987 | D:3      | Found an iron altar of Okawaru.
  2274 | D:3      | Killed a phantom
  2274 | D:3      | Reached skill level 6 in Maces & Flails
  2274 | D:3      | Reached XP level 5. HP: 10/42 MP: 2/4
  3032 | D:4      | Reached XP level 6. HP: 45/50 MP: 3/5
  3119 | D:4      | Found an ancient bone altar of Kikubaaqudgha.
  3132 | D:4      | Found Omybel's General Store.
  3149 | D:4      | Reached skill level 5 in Armour
  3175 | D:4      | Reached skill level 7 in Maces & Flails
  3348 | D:4      | Noticed Menkaure
  3360 | D:4      | Killed Menkaure
  3360 | D:4      | Reached XP level 7. HP: 56/56 MP: 6/6
  3651 | D:4      | Found a snail-covered altar of Cheibriados.
  3714 | D:5      | Entered Level 5 of the Dungeon
  3723 | D:5      | Found a deep blue altar of Sif Muna.
  4103 | D:5      | Reached skill level 8 in Maces & Flails
  4174 | D:5      | Noticed Grinder
  4175 | D:5      | Paralysed by Grinder for 3 turns
  4180 | D:5      | Paralysed by Grinder for 3 turns
  4188 | D:5      | Killed Grinder
  4356 | D:5      | Found a burning altar of Makhleb.
  4453 | D:5      | Reached XP level 8. HP: 61/62 MP: 7/7
  4659 | D:6      | Reached skill level 9 in Maces & Flails
  4960 | D:6      | Found a basalt altar of Yredelemnul.
  4960 | D:6      | Found a bloodstained altar of Trog.
  4960 | D:6      | Found a white marble altar of Elyvilon.
  5057 | D:6      | Reached skill level 10 in Maces & Flails
  5369 | D:6      | Found a blossoming altar of Fedhas.
  5382 | D:6      | Noticed an oklob plant
  5979 | D:7      | Gained mutation: You can translocate small distances at will. [mutagenic meat]
  5980 | D:7      | Gained mutation: You have large cloven feet. [mutagenic meat]
  5982 | D:7      | Gained mutation: You are weak. (Str -2) [mutagenic meat]
  5983 | D:7      | Gained mutation: Your body sometimes deteriorates upon taking damage. [mutagenic meat]
  5984 | D:7      | Gained mutation: You are clumsy. (Dex -2) [mutagenic meat]
  5995 | D:7      | Got a bound lead ring
  6053 | D:7      | Identified the ring "Ysimodd" {SustAt Str+5} (You found it on level 7 of the Dungeon)
  6140 | D:7      | Reached XP level 9. HP: 63/68 MP: 8/8
  6289 | D:7      | Got a steaming iron ring
  6291 | D:7      | Identified the cursed ring "Ukitozymn" {+Fly rF+ MP+9 Str-4 Dex+4} (You found it on level 7 of the Dungeon)
  6350 | D:7      | Found a staircase to the Ecumenical Temple.
  6411 | Temple   | Entered the Ecumenical Temple
  6506 | Temple   | Became a worshipper of Pakellas the Inventive
  6635 | D:7      | Reached skill level 10 in Armour
  6639 | D:7      | Reached skill level 11 in Maces & Flails
  6655 | D:7      | Got a scorched chain mail
  6666 | D:7      | Identified the cursed +1 chain mail of Kaohemm {rF+ MR+ Stlth+} (You found it on level 7 of the Dungeon)
  7045 | D:8      | Reached skill level 1 in Evocations
  7084 | D:8      | Noticed a troll
  7276 | D:8      | Killed from afar by an electric eel

Skill      XL: |  1  2  3  4  5  6  7  8  9 |
---------------+----------------------------+-----
Maces & Flails | 4 5 6 7 8 10 11 | 11.4
Armour         | 1 2 3 4 5 7 9 10 | 10.5
Evocations     | 3 |  3.1
Fighting       | |  2.4
Throwing       | |  2.0
Dodging        | |  3.2

Action                   |  1- 3 |  4- 6 |  7- 9 || total
-------------------------+-------+-------+-------++-------
Melee: Flail             |    83 |    75 |   334 ||   492
       Headbutt          |    12 |    11 |    81 ||   104
       Kick              |       |       |    33 ||    33
Throw: Throwing net      |     1 |     2 |       ||     3
       Javelin           |       |       |     1 ||     1
Evoke: Wand              |       |       |    13 ||    13
  Use: Scroll            |       |     2 |       ||     2
       Potion            |       |     3 |     1 ||     4
 Stab: Held in net/web   |     1 |       |       ||     1
       Paralysed         |       |       |     2 ||     2
  Eat: Chunk             |     1 |     7 |    20 ||    28
       Meat ration       |       |       |     1 ||     1
Armor: Leather armour    |    24 |       |       ||    24
       Scale mail        |       |    29 |    52 ||    81
       Chain mail        |       |       |    29 ||    29
       Plate armour      |       |       |     8 ||     8
Dodge: Dodged            |    65 |    42 |   107 ||   214
